 Dungeon Crawl Stone Soup version 0.23.1 (webtiles) character file.

Game seed: 0

658 Hylith the Shield-Bearer (level 7, -3/60 HPs)
             Began as a Gnoll Fighter on Mar 12, 2019.
             Was a Follower of Okawaru.
             Killed from afar by Sigmund (9 damage)
             ... with a puff of flame
             ... on level 5 of the Dungeon on Mar 13, 2019.
             The game lasted 00:20:32 (3527 turns).

Hylith the Shield-Bearer (Gnoll Fighter)            Turns: 3527, Time: 00:20:33

Health: -3/60      AC: 11    Str: 20    XL:     7   Next: 55%
Magic:  10/10      EV:  9    Int: 10    God:    Okawaru [*.....]
Gold:   238        SH: 11    Dex: 15    Spells: 11/11 levels left

rFire    . . .     SeeInvis .   y - +2 mace (holy)
rCold    . . .     Gourm    .   c - +0 shield
rNeg     . . .     Faith    .   b - +0 scale mail
rPois    .         Spirit   .   (no helmet)
rElec    .         Reflect  .   (no cloak)
rCorr    .         Harm     .   n - +2 pair of gloves
MR       .....                  (no boots)
Stlth    +.........             u - amulet of inaccuracy (curse)
HPRegen  0.20/turn              l - +1 ring of slaying
MPRegen  0.12/turn              (no ring)

@: no status effects
A: distributed training, fangs 1, strong nose
a: Heroism, Renounce Religion


You were on level 5 of the Dungeon.
You worshipped Okawaru.
Okawaru was aware of your devotion.
You were not hungry.

You visited 2 branches of the dungeon, and saw 6 of its levels.

You collected 238 gold pieces.

Inventory:

Hand Weapons
 a - a +0 flail
 y - a +2 mace of holy wrath (weapon)
Missiles
 k - 62 stones
 o - 2 tomahawks (quivered)
Armour
 b - a +0 scale mail (worn)
 c - a +0 shield (worn)
 h - a cursed +0 robe
 n - a +2 pair of gloves (worn)
Jewellery
 e - an uncursed amulet of the acrobat
 l - a +1 ring of slaying (left hand)
 u - a cursed amulet of inaccuracy (around neck)
Wands
 s - a wand of polymorph (8)
 C - a wand of iceblast (8)
Scrolls
 g - 3 scrolls of enchant weapon
 i - 2 scrolls of remove curse {unknown}
 j - a scroll of random uselessness {unknown}
 r - a scroll of noise
 v - a scroll of magic mapping
 w - a scroll of amnesia {unknown}
 B - a scroll of enchant armour {unknown}
Potions
 d - 2 potions of might
 m - a potion of magic {unknown}
 p - a potion of brilliance {unknown}
 q - a potion of cancellation {unknown}
 t - 3 potions of flight
 x - a potion of heal wounds
 z - a potion of haste {unknown}
 A - 3 potions of agility {unknown}
Comestibles
 f - 6 rations
 D - 3 chunks of flesh


   Skills:
 + Level 7.0 Fighting
 + Level 2.5 Short Blades
 + Level 2.5 Long Blades
 + Level 2.5 Axes
 + Level 5.2 Maces & Flails
 + Level 2.5 Polearms
 + Level 2.5 Staves
 + Level 2.5 Slings
 + Level 2.5 Bows
 + Level 2.5 Crossbows
 + Level 2.5 Throwing
 + Level 7.0 Armour
 + Level 2.5 Dodging
 + Level 2.5 Stealth
 + Level 7.0 Shields
 + Level 2.5 Unarmed Combat
 + Level 2.5 Spellcasting
 + Level 2.0 Conjurations
 + Level 2.0 Hexes
 + Level 2.0 Charms
 + Level 2.0 Summonings
 + Level 2.0 Necromancy
 + Level 2.0 Translocations
 + Level 2.0 Transmutations
 + Level 2.0 Fire Magic
 + Level 2.0 Ice Magic
 + Level 2.0 Air Magic
 + Level 2.0 Earth Magic
 + Level 2.0 Poison Magic
 + Level 2.8 Invocations
 + Level 2.5 Evocations


You had 11 spell levels left.
You didn't know any spells.
Your spell library was empty.

Dungeon Overview and Level Annotations

Branches:
Dungeon (5/15)             Temple (1/1) D:4

Altars:
Ashenzari
Cheibriados
Dithmenos
Elyvilon
Gozag
Hepliaklqana
Makhleb
Okawaru
Qazlal
Sif Muna
Uskayaw
Yredelemnul
Zin
The Shining One

Annotations:
D:5 Sigmund


Innate Abilities, Weirdness & Mutations

Your experience applies equally to all skills.
You have very sharp teeth.
Your uncanny sense of smell can sniff out nearby items.


Message History

You hit something. Something hits you but does no damage.
Your shield and scale mail prevent you from hitting something.
You completely miss something. Something hits you.
You barely miss something. Something hits you.
You closely miss something. Your bite misses something.
Something completely misses you.
Your shield and scale mail prevent you from hitting something.
You bite something. Something hits you.
* * * LOW HITPOINT WARNING * * *
You hit something. Your bite misses something. You miss something.
You bite something. Something hits you!
* * * LOW HITPOINT WARNING * * *
You closely miss something. Something hits you!
* * * LOW HITPOINT WARNING * * *
You completely miss something. Something hits you but does no damage.
You barely miss something.
You hear some strange, mumbled words.
A puff of flame appears from out of thin air!
The puff of flame hits you!
You die...

.. #.......#
#.......##. +.......'.
#.......####.####
........<.......
.........#.####
######{.........
#....@.####.......
#.#.###..####.###.##.#
[......>........ .# #
..#.###..####.## #
#.......#.#
.....#...###.#
...###...###.#
.............#
##.###.......#


There were no monsters in sight!

Vanquished Creatures
  An ice beast (D:2)
  A phantom (D:4)
  An ogre (D:4)
  A scorpion (D:4)
  2 hounds (D:4)
  An orc priest (D:3)
  An orc wizard (D:2)
  A worker ant (D:4)
  A howler monkey zombie (D:3)
  A worker ant zombie (D:3)
  A gnoll (D:1)
  6 adders
  An ooze (D:4)
  An adder skeleton (D:3)
  2 worms
  3 dart slugs
  3 leopard geckos
  13 orcs
  7 bats
  3 giant cockroaches
  10 goblins
  4 hobgoblins
  8 jackals
  9 kobolds
  A ball python zombie (D:3)
  3 frilled lizards (D:1)
  A leopard gecko skeleton (D:3)
  10 rats
  A spectral orc (D:4)
98 creatures vanquished.

Notes
Turn   | Place    | Note
-------+----------+-------------------------------------------
     0 | D:1      | Hylith the Gnoll Fighter began the quest for the Orb.
     0 | D:1      | Reached XP level 1. HP: 23/23 MP: 1/1
    51 | D:1      | Reached XP level 2. HP: 29/29 MP: 2/2
   286 | D:1      | Reached XP level 3. HP: 35/35 MP: 3/3
   738 | D:1      | Reached skill level 1 in Invocations
  1092 | D:1      | Reached skill level 1 in Short Blades
  1092 | D:1      | Reached skill level 1 in Long Blades
  1092 | D:1      | Reached skill level 1 in Axes
  1092 | D:1      | Reached skill level 1 in Polearms
  1092 | D:1      | Reached skill level 1 in Staves
  1092 | D:1      | Reached skill level 1 in Slings
  1092 | D:1      | Reached skill level 1 in Bows
  1092 | D:1      | Reached skill level 1 in Crossbows
  1092 | D:1      | Reached skill level 1 in Throwing
  1092 | D:1      | Reached skill level 1 in Dodging
  1092 | D:1      | Reached skill level 1 in Stealth
  1092 | D:1      | Reached skill level 1 in Unarmed Combat
  1092 | D:1      | Reached skill level 1 in Spellcasting
  1092 | D:1      | Reached skill level 1 in Evocations
  1100 | D:2      | Reached XP level 4. HP: 24/41 MP: 5/5
  1149 | D:2      | Noticed an ice beast
  1161 | D:2      | Killed an ice beast
  1161 | D:2      | Reached skill level 1 in Conjurations
  1161 | D:2      | Reached skill level 1 in Hexes
  1161 | D:2      | Reached skill level 1 in Charms
  1161 | D:2      | Reached skill level 1 in Summonings
  1161 | D:2      | Reached skill level 1 in Necromancy
  1161 | D:2      | Reached skill level 1 in Translocations
  1161 | D:2      | Reached skill level 1 in Transmutations
  1161 | D:2      | Reached skill level 1 in Fire Magic
  1161 | D:2      | Reached skill level 1 in Ice Magic
  1161 | D:2      | Reached skill level 1 in Air Magic
  1161 | D:2      | Reached skill level 1 in Earth Magic
  1161 | D:2      | Reached skill level 1 in Poison Magic
  1161 | D:2      | Reached XP level 5. HP: 14/47 MP: 5/7
  1464 | D:2      | Reached XP level 6. HP: 46/53 MP: 8/8
  1569 | D:3      | Found a glowing silver altar of Zin.
  2487 | D:4      | Found a staircase to the Ecumenical Temple.
  2498 | Temple   | Entered the Ecumenical Temple
  2542 | Temple   | Became a worshipper of Warmaster Okawaru
  2622 | D:4      | Reached skill level 5 in Maces & Flails
  2656 | D:4      | Noticed a phantom
  2733 | D:4      | Killed a phantom
  2733 | D:4      | Reached XP level 7. HP: 23/59 MP: 10/10
  3035 | D:4      | Reached * piety under Okawaru
  3141 | D:4      | Found a basalt altar of Yredelemnul.
  3174 | D:4      | Found a snail-covered altar of Cheibriados.
  3237 | D:4      | Found a burning altar of Makhleb.
  3324 | D:5      | Entered Level 5 of the Dungeon
  3324 | D:5      | Noticed Sigmund
  3527 | D:5      | Killed from afar by Sigmund

Skill      XL: |  1  2  3  4  5  6  7 |
---------------+----------------------+-----
Invocations    | 1 2 |  2.8
Short Blades   | 1 2 |  2.5
Long Blades    | 1 2 |  2.5
Axes           | 1 2 |  2.5
Polearms       | 1 2 |  2.5
Staves         | 1 2 |  2.5
Slings         | 1 2 |  2.5
Bows           | 1 2 |  2.5
Crossbows      | 1 2 |  2.5
Throwing       | 1 2 |  2.5
Dodging        | 1 2 |  2.5
Stealth        | 1 2 |  2.5
Unarmed Combat | 1 2 |  2.5
Spellcasting   | 1 2 |  2.5
Evocations     | 1 2 |  2.5
Conjurations   | 1 2 |  2.0
Hexes          | 1 2 |  2.0
Charms         | 1 2 |  2.0
Summonings     | 1 2 |  2.0
Necromancy     | 1 2 |  2.0
Translocations | 1 2 |  2.0
Transmutations | 1 2 |  2.0
Fire Magic     | 1 2 |  2.0
Ice Magic      | 1 2 |  2.0
Air Magic      | 1 2 |  2.0
Earth Magic    | 1 2 |  2.0
Poison Magic   | 1 2 |  2.0
Maces & Flails | 5 |  5.2
Fighting       | 7 |  7.0
Armour         | 7 |  7.0
Shields        | 7 |  7.0

Action                   |  1- 3 |  4- 6 |  7- 9 || total
-------------------------+-------+-------+-------++-------
Melee: Flail             |   106 |   151 |       ||   257
       Bite              |    11 |    27 |    14 ||    52
       Mace              |       |    73 |    97 ||   170
Throw: Stone             |       |    12 |     3 ||    15
       Tomahawk          |       |     5 |     4 ||     9
  Use: Potion            |       |     2 |       ||     2
       Scroll            |       |       |     3 ||     3
  Eat: Chunk             |       |     6 |     3 ||     9
Armor: Scale mail        |    45 |    80 |    27 ||   152
Dodge: Dodged            |    38 |    80 |    25 ||   143
Block: Shield            |    65 |   133 |    37 ||   235
